 Dungeon Crawl Stone Soup version 0.20.1-1-g8b1a95d (webtiles) character file.

72 potam12345 the Magician (level 4, 0/24 HPs)
             Began as a Deep Elf Earth Elementalist on July 16, 2017.
             Was an Initiate of Sif Muna.
             Slain by a gnoll
             ... wielding a +0 spear
              (12 damage)
             ... on level 2 of the Dungeon.
             The game lasted 00:10:06 (1489 turns).

potam12345 the Magician (DEEE)                      Turns: 1489, Time: 00:10:07

Health: 0/24       AC:  2    Str:  5    XL:     4   Next: 7%
Magic:  12/12      EV: 13    Int: 21    God:    Sif Muna [......]
Gold:   68         SH:  0    Dex: 15    Spells: 9/12 levels left

rFire    . . .     SeeInvis .   a - +0 dagger
rCold    . . .     Gourm    .   (no shield)
rNeg     . . .     Faith    .   c - +0 robe
rPois    .         Spirit   .   (no helmet)
rElec    .         Reflect  .   (no cloak)
rCorr    .         Harm     .   (no gloves)
MR       .....     Rnd*Tele +   (no boots)
Stlth    +.........             (no amulet)
Regen    0.1/turn               i - ring of teleportation
MPRegen  0.2/turn               (no ring)

@: confused
A: no striking features
a: Renounce Religion


You were on level 2 of the Dungeon.
You worshipped Sif Muna.
Sif Muna was noncommittal.
You were not hungry.

You visited 1 branch of the dungeon, and saw 2 of its levels.

You collected 68 gold pieces.

Inventory:

Hand Weapons
 a - a +0 dagger (weapon)
Missiles
 b - 53 stones (quivered)
Armour
 c - a +0 robe (worn)
Jewellery
 i - a ring of teleportation (left hand)
Wands
 m - a wand of random effects (19/48)
Scrolls
 g - 2 scrolls of identify
 h - 2 scrolls of magic mapping
 k - 2 scrolls of remove curse
Books
 e - a book of Geomancy

   Spells                             Type                      Level
   a - Sandblast                      Earth                        1
   b - Passwall                       Transmutation/Earth          2
   c - Stone Arrow                    Conjuration/Earth            3
   d - Petrify                        Transmutation/Earth          4
   e - Lee's Rapid Deconstruction     Earth                        5
Comestibles
 d - 2 bread rations
 f - 4 fruits
 l - a meat ration


   Skills:
 + Level 2.6 Dodging
 + Level 2.6 Stealth
 + Level 4.7 Spellcasting
 + Level 1.2 Transmutations
 + Level 4.2 Earth Magic


You had 9 spell levels left.
You knew the following spells:

 Your Spells              Type           Power        Failure   Level  Hunger
a - Sandblast             Erth           ###...       1%          1    None
b - Passwall              Tmut/Erth      ###.......   5%          2    #......


Dungeon Overview and Level Annotations

Branches:
Dungeon (2/15)

Altars:
Sif Muna
Zin


Message History

The gnoll barely misses you. The gnoll closely misses you.
Casting: Sandblast
Confirm with . or Enter, or press ? or * to list all spells.
Okay, then.
You are confused.
You feel invigorated. The gnoll barely misses you.
The gnoll closely misses you.
You're too confused to cast spells.
Unknown command.
You're too confused to cast spells.
Unknown command.
You're too confused to move!
The gnoll hits you from afar with a spear!
The gnoll hits you but does no damage. The gnoll hits you with a spear!
The gnoll hits you but does no damage.
Things that are here:
a club; a spear; a gnoll corpse The gnoll hits you from afar with a spear!
Ouch! That really hurt!
You die...

.#..#.#..#.#.# #.#
.####.##'#.#.# #.#
........)†.#.# #.#
.####.##'#.#.###.## .
+.+..#.#.##...######
#.#..#.#.##......(.#
+##.####.#...g.).###.#
........#..#g#..<.#
##.####.#..#.@#...#
+.'..#.#..#......#
#.)#.#..########
###.##'#.#........
..........#.#######
####.##'#.#.# +
'..#.#)# #.#.†#.#.#
#.####.#.#


You could see 2 gnolls.

Vanquished Creatures
  3 gnolls (D:2)
  A worm (D:2)
  A ball python (D:1)
  2 giant cockroaches (D:2)
  4 goblins
  4 hobgoblins
  7 bats
  4 frilled lizards
  11 kobolds
  4 rats
41 creatures vanquished.

Notes
Turn   | Place    | Note
-------+----------+-------------------------------------------
     0 | D:1      | potam12345 the Deep Elf Earth Elementalist began the quest for the Orb.
     0 | D:1      | Reached XP level 1. HP: 10/10 MP: 6/6
   308 | D:1      | Reached XP level 2. HP: 15/15 MP: 5/8
   918 | D:2      | Found a deep blue altar of Sif Muna.
   927 | D:2      | Became a worshipper of Sif Muna the Loreminder
   943 | D:2      | Learned a level 2 spell: Passwall
   987 | D:2      | Reached XP level 3. HP: 19/19 MP: 8/10
  1214 | D:2      | Found a glowing silver altar of Zin.
  1481 | D:2      | Reached XP level 4. HP: 17/24 MP: 7/12
  1489 | D:2      | Slain by a gnoll

Skill      XL: |  1  2  3 |
---------------+----------+-----
Spellcasting   | 4 |  4.7
Earth Magic    | 4 |  4.2
Dodging        | |  2.6
Stealth        | |  2.6
Transmutations | |  1.2

Action                   |  1- 3 |  4- 6 || total
-------------------------+-------+-------++-------
 Cast: Sandblast         |    54 |     4 ||    58
       Passwall          |     3 |       ||     3
  Use: Scroll            |     4 |       ||     4
       Potion            |       |     1 ||     1
  Eat: Bread ration      |     1 |       ||     1
       Fruit             |     1 |       ||     1
Armor: Robe              |     7 |       ||     7
Dodge: Dodged            |    10 |     4 ||    14
